Map: Catalyst LE

Players

MaNa - Winner!

  • Race: Protoss Protoss
  • Spawn Location: 5:00

ShaDoWn

  • Race: Protoss Protoss
  • Spawn Location: 11:00

Event: WCS Valencia 2018

VOD

Have the link to the VOD?

Description

Time

  • Played on: July 12, 2018, 12:56 p.m.
  • Length: 9:30

All games in this series

Show
View Real Time Build Order
Export as new Build Order

MaNa Protoss - Winner!

Build Orders: Phoenix Opening 

Get SALT Encoding   

  12  0:00  Probe  
  13  0:12  Probe  
  14  0:18  Pylon  
  14  0:24  Probe  
  15  0:32  Probe  
  15  0:38  Gateway  
  15  0:40  Probe  
  16  0:47  Assimilator  
  17  0:50  Probe  
  18  0:58  Probe  
  19  1:04  Gateway  
  19  1:08  Probe  
  19  1:09  Assimilator  
  20  1:20  Probe  
  21  1:27  Cybernetics Core  
  21  1:32  Probe  
  22  1:36  Pylon  
  22  1:44  Probe  
  23  1:55  Warp Gate  
  23  1:56  Probe  
  24  2:03  Stalker x2  
  28  2:13  Pylon  
  27  2:33  Stalker x2  
  31  2:39  Stargate  
  31  3:03  Stalker x2  
  35  3:09  Pylon  
  35  3:12  Shield Battery  
  35  3:19  Phoenix  
  36  3:39  Phoenix  
  38  3:54  Nexus  
  38  4:04  Phoenix  
  40  4:12  Stalker  
  42  4:22  Probe  
  36  4:34  Probe  
  36  4:36  Stalker  
  34  4:52  Stalker  
  33  5:00  Probe, Phoenix  
  33  5:02  Probe  
  37  5:08  Probe  
  37  5:10  Probe  
  38  5:17  Probe  
  40  5:22  Probe  
  41  5:29  Probe  
  41  5:32  Probe  
  41  5:35  Robotics Facility  
  42  5:41  Probe  
  44  5:49  Phoenix  
  44  5:57  Probe  
  44  5:59  Probe  
  44  6:04  Shield Battery  
  44  6:05  Probe  
  44  6:07  Sentry x2  
  49  6:11  Probe  
  49  6:12  Immortal  
  49  6:15  Probe  
  53  6:27  Shield Battery, Probe  
  53  6:30  Probe  
  55  6:36  Stalker  
  57  6:46  Zealot  
  56  6:58  Immortal  
  56  6:59  Zealot  
  47  7:08  Sentry  
  43  7:11  Probe x2  
  49  7:23  Probe x2  
  49  7:28  Gateway  
  49  7:29  Warp Prism  
  51  7:30  Sentry  
  53  7:40  Stalker  
  57  7:45  Pylon  
  57  7:52  Gateway  
  57  7:55  Sentry  
  59  8:03  Stalker  
  61  8:07  Pylon  
  61  8:33  Adept x3  
  57  8:54  Observer  
  54  8:56  Adept x3  
  49  9:17  Adept x2  
  49  9:20  Adept x2  
Show
View Real Time Build Order
Export as new Build Order

ShaDoWn Protoss 

Build Orders:  

Get SALT Encoding   

  12  0:00  Probe  
  13  0:12  Probe  
  14  0:17  Pylon  
  14  0:24  Probe  
  15  0:32  Probe  
  15  0:37  Gateway  
  15  0:40  Probe  
  16  0:46  Assimilator  
  17  0:51  Probe  
  17  0:55  Assimilator  
  18  0:59  Probe  
  19  1:08  Probe  
  19  1:13  Gateway  
  19  1:17  Probe  
  21  1:25  Cybernetics Core  
  21  1:29  Probe  
  22  1:38  Pylon  
  22  1:41  Probe  
  23  1:52  Warp Gate  
  23  1:56  Probe  
  24  2:01  Adept x2  
  28  2:12  Pylon  
  28  2:28  Stalker  
  28  2:29  Stalker  
  32  2:57  Nexus  
  32  3:01  Sentry x2  
  36  3:10  Robotics Facility  
  36  3:18  Probe  
  37  3:22  Pylon  
  35  3:39  Shield Battery  
  35  3:48  Gateway  
  35  3:55  Stalker x2  
  35  4:01  Shield Battery  
  34  4:18  Stalker x2  
  34  4:22  Pylon  
  32  4:32  Pylon  
  28  4:47  Stalker x2  
  28  4:48  Warp Prism  
  28  4:51  Stalker  
  36  5:07  Probe  
  36  5:08  Probe  
  36  5:11  Sentry x2  
  42  5:19  Stalker  
  44  5:24  Probe  
  45  5:36  Stalker x2  
  45  5:41  Probe  
  50  5:43  Probe  
  50  5:49  Stalker  
  49  6:01  Stalker  
  49  6:02  Stalker  
  49  6:03  Probe  
  54  6:05  Probe  
  55  6:15  Stalker  
  57  6:20  Probe  
  57  6:24  Stalker x2  
  57  6:25  Pylon  
  62  6:30  Pylon  
  62  6:47  Stalker x2  
  64  6:48  Zealot  
  64  6:49  Probe x2  
  70  6:54  Warp Prism  
  68  7:01  Probe  
  68  7:03  Probe  
  62  7:09  Probe  
  62  7:11  Assimilator, Probe  
  62  7:12  Assimilator  
  62  7:16  Forge  
  62  7:18  Probe  
  62  7:20  Probe  
  63  7:23  Sentry  
  66  7:34  Immortal  
  66  7:37  Twilight Council  
  68  7:42  Nexus  
  70  7:55  Gateway  
  70  8:05  Gateway  
  66  8:07  Gateway  
  66  8:15  Immortal  
  70  8:25  Shield Battery  
  70  8:26  Sentry x2  
  74  8:28  Zealot  
  74  8:33  Pylon  
  66  8:50  Adept x2  
  66  8:51  Zealot  
  45  9:18  Sentry x2  
Tags
 
Add a new tag
Caveats
  • Supply blocks, unpowered buildings, or Contaminate may cause inaccurate times.
  • Supply counts are checked every 10 seconds.